 Dungeon Crawl Stone Soup version 0.30.2 (webtiles) character file.

Game seed: 14662985224164150209

95 porpoise the Shooter (level 4, -1/35 HPs)
             Began as a Barachi Hunter on Mar 22, 2024.
             Was an Initiate of Cheibriados.
             Slain by Grinder (4 damage)
             ... on level 3 of the Dungeon.
             The game lasted 00:08:30 (2167 turns).

porpoise the Shooter (Barachi Hunter)               Turns: 2167, Time: 00:08:30

Health: -1/35      AC:  6    Str: 14    XL:     4   Next: 65%
Magic:  4/4        EV: 11    Int: 10    God:    Cheibriados [......]
Gold:   29         SH:  0    Dex: 24    Spells: 3/3 levels left

rFire   . . .        b - +2 dagger (venom)
rCold   . . .        (no shield)
rNeg    . . .        j - +0 ring mail
rPois   .            d - +0 helmet
rElec   .            (no cloak)
rCorr   .            (no gloves)
SInv    .            (no boots)
Will    .....        (no amulet)
Stlth   ++           u - +6 ring of dexterity
HPRegen 0.25/turn    (no ring)
MPRegen 0.09/turn

%: no passive effects
@: very slow
A: amphibious, slowness 1, strong legs 1, +LOS
a: Hop, Renounce Religion


You were on level 3 of the Dungeon.
You worshipped Cheibriados.
Cheibriados was noncommittal.
You visited 1 branch of the dungeon, and saw 3 of its levels.

You collected 84 gold pieces.
You spent 55 gold pieces at shops.

Inventory:

Hand Weapons
 a - a +0 shortbow
 b - a +2 dagger of venom (weapon)
Armour
 d - a +0 helmet (worn)
 j - a +0 ring mail (worn)
Jewellery
 u - a +6 ring of dexterity (left hand)
Wands
 t - a wand of flame (15)
Scrolls
 c - a scroll of teleportation {unknown}
 e - 2 scrolls of immolation
 h - a scroll of silence {unknown}
 i - a scroll of fear {unknown}
 p - a scroll of fog {unknown}
 q - a scroll of torment
 s - a scroll of enchant armour {unknown}
Potions
 f - a potion of heal wounds {unknown}
 g - 4 potions of curing {unknown}
 k - 2 potions of brilliance {unknown}
 l - a potion of attraction {unknown}
 m - a potion of invisibility {unknown}
 n - 2 potions of haste {unknown}
 o - 2 potions of magic {unknown}
 r - a potion of degeneration {unknown}


   Skills:
 + Level 3.4 Fighting
 * Level 5.0 Ranged Weapons
 + Level 1.9 Armour
 - Level 2.1 Dodging
 - Level 1.2 Stealth


You had 3 spell levels left.
You didn't know any spells.
Your spell library contained the following spells:

 Spells                   Type           Power      Damage    Failure   Level
 Sting                    Tmut/Pois      0%         1d3       58%         1
 Poisonous Vapours        Pois/Air       0%         N/A       75%         2
 Sublimation of Blood     Necr           0%         N/A       75%         2
 Hailstorm                Conj/Ice       0%         3d3       92%         3
 Inner Flame              Hex/Fire       0%         N/A       92%         3
 Flame Wave               Conj/Fire      0%         2d4       100%        4
 Ice Form                 Ice/Tmut       0%         N/A       100%        4
 Olgreb's Toxic Radiance  Pois           0%         N/A       100%        4
 Petrify                  Tmut/Erth      0%         N/A       100%        4
 Sticky Flame             Conj/Fire      0%         2d3       100%        4
 Irradiate                Conj/Tmut      0%         3d11      100%        5
 Simulacrum               Ice/Necr       0%         N/A       100%        6


Dungeon Overview and Level Annotations

Branches:
Dungeon (3/15)

Altars:
Cheibriados

Shops:
D:1 *

Annotations:
D:3 Grinder


Innate Abilities, Weirdness & Mutations

You are amphibious.
You cover ground slowly.
You can hop short distances.
You have an extended range of vision and can be seen from far away.


Message History

You shoot an arrow.
The arrow hits Grinder but does no damage.
Grinder is lightly wounded.
Grinder hits you but does no damage. x2
Your +2 dagger of venom begins to drip with poison!
b - a +2 dagger of venom (weapon)
You hit Grinder but do no damage.
Grinder is lightly wounded.
Grinder hits you.
You writhe in agony.
You hit Grinder.
Grinder is moderately wounded.
Grinder blinks!
You hit Grinder but do no damage.
Grinder is moderately wounded.
Grinder gestures at you. Pain shoots through your body!
You hit Grinder.
Grinder is moderately wounded.
Grinder blinks!
Grinder hits you but does no damage. Grinder hits you.
You writhe in agony.
You are too injured to fight recklessly!
You are too injured to fight recklessly!
You are too injured to fight recklessly!
You hit Grinder but do no damage.
Grinder is poisoned.
Grinder is moderately wounded.
Grinder closely misses you.
You hit Grinder.
Grinder is heavily wounded.
Grinder hits you.
You writhe in agony.
* * * LOW HITPOINT WARNING * * *
You hit Grinder but do no damage.
Grinder looks even sicker.
Grinder is heavily wounded.
Grinder hits you.
* * * LOW HITPOINT WARNING * * *
You hit Grinder but do no damage.
Grinder is heavily wounded.
Grinder hits you.
* * * LOW HITPOINT WARNING * * *
You writhe in agony.
You die...

#######
#.....# #
#@###.# #.#
#.5.# #.# #.#
# #####
#.#####.#### #
#......>...# #
#..........# #
#..........# #
#.....)....###
#...........<.
#..........###


You could see Grinder (very poisoned).

Vanquished Creatures
  Jessica (D:3)
  Robin (D:2)
  A dart slug (D:1)
  4 ball pythons
  7 endoplasms
  A giant cockroach (D:2)
  3 hobgoblins
  3 jackals (D:1)
  2 kobolds
  2 quokkas (D:1)
  2 bats
  5 frilled lizards
  15 goblins
  5 rats
52 creatures vanquished.

Notes
Turn   | Place    | Note
-------+----------+-------------------------------------------
     0 | D:1      | porpoise the Barachi Hunter began the quest for the Orb.
     0 | D:1      | Reached XP level 1. HP: 17/17 MP: 1/1
    48 | D:1      | Reached skill level 1 in Stealth
   115 | D:1      | Reached XP level 2. HP: 23/23 MP: 2/2
   443 | D:1      | Reached XP level 3. HP: 27/28 MP: 3/3
   583 | D:1      | Found Cutaf's Assorted Antiques.
   593 | D:1      | Bought a pink potion for 17 gold pieces
   782 | D:2      | Reached skill level 1 in Armour
  1197 | D:2      | Found a snail-covered altar of Cheibriados.
  1293 | D:2      | Became a worshipper of Cheibriados the Contemplative
  1887 | D:1      | Bought a scroll labelled WIHOUQYUNK for 19 gold pieces
  1887 | D:1      | Bought a scroll labelled HEDGHE VUSHRAUMU for 19 gold
                  | pieces
  1925 | D:2      | Noticed Robin
  1937 | D:2      | Killed Robin
  1938 | D:2      | Reached XP level 4. HP: 21/35 MP: 4/4
  2133 | D:3      | Noticed Jessica
  2137 | D:3      | Killed Jessica
  2138 | D:3      | Reached skill level 5 in Ranged Weapons
  2155 | D:3      | Noticed Grinder
  2167 | D:3      | Slain by Grinder

Illustrated notes

Levels and vault maps discovered:
D:1:      minmay_arrival_four_circles, layout_loops_ring, serial_shops, shop
D:2:      layout_basic, basic_altar, minmay_3d_cube, uniq_robin
D:3:      layout_basic, tgw_trog, lemuel_zombie_altar_yredelemnul,
          shapermc_ecumenical_altar_mp_ritualfount,
          chequers_serial_rivers_room_b, uniq_grinder, uniq_jessica

Skill      XL: |  1  2  3  4 |
---------------+-------------+-----
Stealth        | 1 |  1.2
Fighting       | 3 |  3.4
Armour         | 1 |  1.9
Ranged Weapons | 5 |  5.0
Dodging        | |  2.1

Action                     |  1- 3 |  4- 6 || total
---------------------------+-------+-------++-------
  Melee: Dagger            |    10 |    14 ||    24
   Fire: Shortbow          |   108 |     6 ||   114
    Use: Scroll            |       |     1 ||     1
 Armour: Leather armour    |     2 |       ||     2
         Ring mail         |    35 |     7 ||    42
  Dodge: Dodged            |    44 |     7 ||    51
